 Dungeon Crawl Stone Soup version 0.31-a0-726-g3c93526463 (webtiles) character file.

Game seed: 7134324644104649732

5143 Bnni the Skirmisher (level 10, -4/71 HPs)
             Began as a Formicid Hexslinger on Sept 11, 2023.
             Was a Believer of Hepliaklqana.
             Killed by vampiric draining
             ... invoked by a vampire
              (18 damage)
             ... on level 9 of the Dungeon.
             The game lasted 00:25:29 (8636 turns).

Bnni the Skirmisher (Formicid Hexslinger)           Turns: 8636, Time: 00:25:29

Health: -4/71      AC:  7    Str: 12    XL:     10   Next: 89%
Magic:  14/17      EV: 12    Int: 14    God:    Hepliaklqana [**....]
Gold:   491        SH:  5    Dex: 20    Spells: 3/19 levels left

rFire   + + .        H - +0 orcbow
rCold   . . .        (no shield)
rNeg    . . .        p - +0 leather armour {rF+}
rPois   .            (helmet unavailable)
rElec   .            d - +0 cloak
rCorr   .            h - +0 pair of gloves
SInv    +            f - +0 pair of boots
Will    .....        l - amulet of reflection
Stlth   +            q - ring of protection from fire
HPRegen 0.31/turn    y - +4 ring of slaying
MPRegen 0.15/turn

%: reflection
@: weak-willed, jinxed
A: reduced essence, permanent stasis, dig shafts and tunnels, antennae 3, four
strong arms
a: Dig, Shaft Self, Renounce Religion, Recall Ancestor, Ancestor Identity


You were on level 9 of the Dungeon.
You worshipped Hepliaklqana.
Hepliaklqana was pleased with you.
You visited 2 branches of the dungeon, and saw 10 of its levels.

You collected 491 gold pieces.

Inventory:

Hand Weapons
 H - a +0 orcbow (weapon)
 I - a +0 dagger of venom
Missiles
 E - 6 curare-tipped darts
Armour
 d - a +0 cloak (worn)
 f - a +0 pair of boots (worn)
 h - a +0 pair of gloves (worn)
 k - a +1 ring mail of poison resistance
 p - a +0 leather armour of fire resistance (worn)
Jewellery
 i - the amulet of the Forging Gods {Acrobat rC- rN+ rCorr}
   (You found it on level 9 of the Dungeon)

   [amulet of the acrobat]

   Acrobat:   It increases your evasion while moving and waiting.
   rC-:       It makes you vulnerable to cold.
   rN+:       It protects you from negative energy.
   rCorr:     It protects you from acid and corrosion.
 l - an amulet of reflection (around neck)
 q - a ring of protection from fire (left hand)
 y - a +4 ring of slaying (right hand)
 D - a +6 ring of dexterity
Wands
 v - a wand of iceblast (9)
 x - a wand of light (7)
 G - a wand of mindburst (6)
Scrolls
 b - a scroll of poison
 c - 3 scrolls of immolation
 e - 3 scrolls of teleportation {unknown}
 j - 2 scrolls of blinking {unknown}
 n - a scroll of brand weapon {unknown}
 r - 4 scrolls of amnesia
 C - a scroll of revelation
Potions
 a - a potion of might {unknown}
 g - 3 potions of curing
 m - 2 potions of heal wounds
 o - a potion of brilliance {unknown}
 s - 2 potions of ambrosia
 t - a potion of berserk rage {unknown}
 w - a potion of mutation {unknown}
 z - a potion of haste {unknown}
 A - a potion of enlightenment {unknown}
 F - a potion of attraction {unknown}


   Skills:
 + Level 7.0 Fighting
 * Level 9.4 Ranged Weapons
 - Level 5.0 Armour
 - Level 1.7 Dodging
 - Level 5.0 Spellcasting
 + Level 8.6 Hexes
 + Level 3.1 Translocations
 - Level 3.0 Fire Magic


You had 3 spell levels left.
You knew the following spells:

 Your Spells              Type           Power      Damage    Failure   Level
a - Jinxbite              Hex            54%        N/A       1%          2
b - Inner Flame           Hex/Fire       19%        N/A       6%          3
d - Cause Fear            Hex            13%        N/A       6%          4
e - Dimensional Bullseye  Hex/Tloc       10%        N/A       21%         4
g - Sigil of Binding      Hex            27%        N/A       1%          3

Your spell library contained the following spells:

 Spells                   Type           Power      Damage    Failure   Level
 Summon Guardian Golem    Hex/Summ       15%        N/A       11%         3
 Summon Small Mammal      Summ           12%        N/A       22%         1
 Call Canine Familiar     Summ           3%         N/A       54%         3


Dungeon Overview and Level Annotations

Branches:
Dungeon (9/15)             Temple (1/1) D:7
   Lair: D:8-11         Orc: D:9-12

Altars:
Ashenzari
Cheibriados
Dithmenos
Elyvilon
Fedhas
Gozag
Hepliaklqana
Kikubaaqudgha
Makhleb
Nemelex Xobeh
Okawaru
Ru
Sif Muna
Trog
Uskayaw
Vehumet
Wu Jian
Xom
Yredelemnul
Zin
The Shining One

Shops:
D:5 [   D:9 *

Annotations:
D:4 3 runed translucent doors, BlakeNightgale's ghost, amateur DgCj; EuServersOMG's ghost, amateur DsSh; Revguard's ghost, amateur DsFi


Innate Abilities, Weirdness & Mutations

Your life essence is reduced to manifest your ancestor. (-10% HP)
You cannot be hasted, slowed, berserked, paralysed or teleported.
You can dig through walls and to a lower floor.
You have a pair of large antennae on your head. (SInv)
Your four strong arms can wield two-handed weapons with a shield.


Message History

The vampire draws strength from your injuries!
Tankster McGee hits the vampire but does no damage.
You shoot an arrow. The arrow hits the vampire.
The vampire is moderately damaged.
The vampire hits you. The vampire barely misses you.
The orc priest begins to cast a cantrip, but forgets the words!
The vampire hits you. The vampire bites you!
The vampire draws strength from your injuries!
You are too injured to fight recklessly!
Fire: H) +0 orcbow
Press: ? - help, Shift-Dir - straight line, f - orc priest, p - vampire
Aim: an orc priest, wielding a +0 hand axe and wearing a +0 ring mail (chance to call a sprite on attack: 58%, 71% to hit)
You shoot an arrow. The arrow hits the vampire!
The vampire is heavily damaged.
Tankster McGee hits the vampire with a +0 flail.
The vampire draws life force from you!
* * * LOW HITPOINT WARNING * * *
The vampire is healed by the life force!
Unknown command.
You are too injured to fight recklessly!
Unknown command.
You are too injured to fight recklessly!
You shoot an arrow.
The arrow hits the vampire but does no damage.
The vampire is moderately damaged.
Tankster McGee hits the vampire with a +0 flail.
The vampire hits you!
* * * LOW HITPOINT WARNING * * *
The vampire bites you.
* * * LOW HITPOINT WARNING * * *
The vampire draws strength from your injuries!
You feel much better.
The orc priest begins to cast a cantrip, but forgets the words!
The vampire hits you!
* * * LOW HITPOINT WARNING * * *
The vampire misses you.
Tankster McGee hits the vampire with a +0 flail!
The orc priest casts a cantrip, but nothing happens.
The vampire draws life force from you!!
You die...

#...##.# {{{ {{
##...#♣.♣# {{{ {
#...##...# {{{
##...#♣...♣# {{{
#...##..P..#
##...#♣..♣..♣#
##...##..P.P..#
#..(.#♣.......♣#
#.#.##..♣.♣.♣.@##
{
#.#.#'#########V#
#...#.# .....o.oR#
#..##.##########.#
#..#...# ,##{ { #
##.##†### { #
#..#...## ##
##.##.#..## { #.
#..#..##..## ##.


You could see the friendly Tankster McGee the knight, a vampire (invisible, ally
target) and an orc priest.

Vanquished Creatures
  Pikel (D:7)
  The ghost of Tinttamiau the Covert, a novice VSEn of Ashenzari (D:9)
  Sigmund (D:4)
  2 shadows
  2 wyverns
  5 yaks (D:9)
  Menkaure (D:5)
  An acid dragon (D:9)
  A water moccasin (D:9)
  5 orc warriors
  An ice beast (D:7)
  A black bear (D:6)
  3 ogres
  A lemure (D:7)
  A kobold brigand (D:7)
  2 bullfrogs
  3 scorpions
  A hound (D:6)
  2 jellies
  4 orc priests
  Crazy Yiuf (D:4)
  A sleepcap (D:6)
  2 iguanas
  Terence (D:3)
  Jessica (D:2)
  5 orc wizards
  Robin (D:4)
  3 gnolls (D:5)
  5 adders
  An ufetubus (D:5)
  7 dart slugs
  40 orcs
  5 endoplasms
  6 giant cockroaches
  18 goblins
  8 hobgoblins
  2 jackals (D:1)
  4 quokkas
  3 ball pythons
  12 bats
  5 frilled lizards
  9 kobolds
  9 rats
188 creatures vanquished.

Vanquished Creatures (collateral kills)
  A hornet (D:9)
  A shadow (D:9)
  A yak (D:9)
3 creatures vanquished.

Vanquished Creatures (others)
  An ancestor (D:8)
  A knight (D:9)
2 creatures vanquished.

Grand Total: 193 creatures vanquished

Notes
Turn   | Place    | Note
-------+----------+-------------------------------------------
     0 | D:1      | Bnni the Formicid Hexslinger began the quest for the Orb.
     0 | D:1      | Reached XP level 1. HP: 15/15 MP: 2/2
   162 | D:1      | Reached XP level 2. HP: 21/21 MP: 3/3
   174 | D:1      | Learned a level 2 spell: Jinxbite
   386 | D:1      | Reached XP level 3. HP: 26/26 MP: 5/5
   889 | D:2      | Learned a level 3 spell: Sigil of Binding
   962 | D:2      | Reached XP level 4. HP: 29/33 MP: 3/6
  1048 | D:2      | Reached skill level 3 in Ranged Weapons
  1353 | D:2      | Noticed Jessica
  1356 | D:2      | Killed Jessica
  1357 | D:2      | Reached XP level 5. HP: 38/38 MP: 4/8
  1879 | D:2      | Learned a level 3 spell: Inner Flame
  1914 | D:3      | Noticed Terence
  1934 | D:3      | Killed Terence
  2473 | D:3      | Reached XP level 6. HP: 39/44 MP: 7/9
  2787 | D:4      | Found a shimmering altar of Xom.
  2836 | D:4      | Found a runed translucent gate.
  2837 | D:4      | Found a runed translucent gate.
  2838 | D:4      | Found a runed translucent gate.
  2839 | D:4      | Noticed EuServersOMG's ghost (amateur DsSh)
  2839 | D:4      | Noticed Revguard's ghost (amateur DsFi)
  2839 | D:4      | Noticed BlakeNightgale's ghost (amateur DgCj)
  2906 | D:4      | Found a snail-covered altar of Cheibriados.
  2974 | D:4      | Found a hide-covered altar of Uskayaw.
  2977 | D:4      | Noticed Sigmund
  2985 | D:4      | Killed Sigmund
  2986 | D:4      | Reached skill level 4 in Ranged Weapons
  2986 | D:4      | Reached skill level 1 in Armour
  3087 | D:4      | Noticed Robin
  3090 | D:4      | Reached XP level 7. HP: 51/51 MP: 9/11
  3104 | D:4      | Killed Robin
  3636 | D:4      | Found a runed translucent door.
  3637 | D:4      | Noticed Crazy Yiuf
  3647 | D:4      | Killed Crazy Yiuf
  3879 | D:5      | Entered Level 5 of the Dungeon
  3917 | D:5      | Reached skill level 5 in Hexes
  3917 | D:5      | Noticed Menkaure
  3928 | D:5      | Killed Menkaure
  4077 | D:5      | Learned a level 4 spell: Cause Fear
  4134 | D:5      | Found Cauhat's Armour Emporium.
  4448 | D:5      | Reached XP level 8. HP: 52/58 MP: 12/12
  4896 | D:6      | Reached skill level 5 in Ranged Weapons
  5443 | D:6      | Reached skill level 6 in Ranged Weapons
  5556 | D:6      | Found a blossoming altar of Fedhas.
  5829 | D:6      | Reached XP level 9. HP: 65/65 MP: 15/15
  6022 | D:7      | Noticed Pikel
  6033 | D:7      | Killed Pikel
  6034 | D:7      | Reached skill level 5 in Fighting
  6034 | D:7      | Reached skill level 7 in Ranged Weapons
  6140 | D:7      | Found a staircase to the Ecumenical Temple.
  6149 | Temple   | Entered the Ecumenical Temple
  6154 | Temple   | Became a worshipper of Hepliaklqana the Forgotten
  6396 | D:7      | Found a shimmering blue altar of Sif Muna.
  6406 | D:7      | Reached skill level 5 in Spellcasting
  6435 | D:7      | Found a basalt altar of Yredelemnul.
  6458 | D:7      | Reached skill level 5 in Armour
  7072 | D:7      | Learned a level 4 spell: Dimensional Bullseye
  7113 | D:8      | Reached XP level 10. HP: 69/76 MP: 15/17
  7278 | D:8      | Reached * piety under Hepliaklqana
  7895 | D:8      | Reached skill level 1 in Translocations
  7900 | D:8      | Reached skill level 8 in Ranged Weapons
  7971 | D:8      | Reached ** piety under Hepliaklqana
  7972 | D:8      | Remembered your ancestor Tankster McGee as a knight
  8275 | D:9      | Found Wyebexo's General Store.
  8394 | D:9      | Found a runed translucent door.
  8395 | D:9      | Noticed Tinttamiau's ghost (novice VSEn)
  8414 | D:9      | Killed Tinttamiau's ghost
  8415 | D:9      | Reached skill level 9 in Ranged Weapons
  8418 | D:9      | Identified the amulet of the Forging Gods {Acrobat rC- rN+
                  | rCorr}
  8634 | D:9      | HP: 1/71 [vampire (6)]
  8636 | D:9      | Killed from afar by a vampire

Illustrated notes

Levels and vault maps discovered:
D:1:      lightli_arrival_noodles, layout_basic, st_stairs_6,
          amcnicky_mini_pool_small
D:2:      layout_basic, hex_intersection, uniq_jessica
D:3:      corexii_shack_village, layout_loops_ring, kennysheep_generic_room_13,
          uniq_terence
D:4:      layout_basic, nicolae_uskayaw_murder_on_the_dancefloor,
          mainiacjoe_overflow_alcove_4, mainiacjoe_overflow_cross_hatched,
          gammafunk_ghost_cemetery, uniq_sigmund, uniq_crazy_yiuf_cottage,
          uniq_robin
D:5:      layout_loops_ring, serial_shops, nicolae_shop_advertising_works
          [nicolae_subvault_shop_adworks], hex_large, uniq_menkaure
D:6:      kennysheep_spiral_hall, layout_gridville, fedhas_altar_2,
          serial_rivers, chequers_serial_rivers_micro_d,
          chequers_serial_rivers_small_3, chequers_serial_rivers_micro_c,
          chequers_serial_rivers_small_3, minmay_misc_feat_tower
D:7:      layout_basic, mainiacjoe_overflow_concentric_impassable,
          amcnicky_altar_gilded, minmay_temple_entry_mini_moons, uniq_pikel
D:8:      layout_gridville
D:9:      minmay_the_grid_triangle_9x9_rhombus_full
          [minmay_the_grid_triangle_9x9_shrine,
          minmay_the_grid_triangle_9x9_fully_insulated_deathbox,
          minmay_the_grid_triangle_9x9_semitri,
          minmay_the_grid_triangle_9x9_impossible_snake,
          minmay_the_grid_triangle_9x9_flanged_cone,
          minmay_the_grid_triangle_9x9_steps,
          minmay_the_grid_triangle_9x9_zippers_horizontal,
          minmay_the_grid_triangle_9x9_prize_schism], layout_rooms,
          mainiacjoe_overflow_24_doors, serial_shops,
          nicolae_shop_tiny_real_fake_doors, ebering_ghost_inner_flame
Temple:   minmay_freezing_vapour_temple

Skill      XL: |  1  2  3  4  5  6  7  8  9 10 |
---------------+-------------------------------+-----
Hexes          | 4 5 6 7 8 |  8.6
Ranged Weapons | 3 4 6 7 9 |  9.4
Fighting       | 2 3 4 5 7 |  7.0
Spellcasting   | 2 3 4 5 |  5.0
Fire Magic     | 2 3 |  3.0
Armour         | 1 2 3 5 |  5.0
Translocations | 3 |  3.1
Dodging        | |  1.7

Action                     |  1- 3 |  4- 6 |  7- 9 | 10-12 || total
---------------------------+-------+-------+-------+-------++-------
   Fire: Sling             |   115 |   173 |   252 |       ||   540
         Orcbow            |       |       |    15 |    89 ||   104
   Cast: Jinxbite          |     4 |    14 |    27 |     6 ||    51
         Sigil of Binding  |     1 |       |     8 |     3 ||    12
         Inner Flame       |       |       |     4 |     6 ||    10
 Invoke: Recall Ancestor   |       |       |       |     1 ||     1
         Ancestor Life: Kn |       |       |       |     1 ||     1
         Ancestor Identity |       |       |       |     1 ||     1
Ability: Dig               |       |       |       |     1 ||     1
    Use: Scroll            |       |       |       |     5 ||     5
         Potion            |       |       |       |     1 ||     1
 Armour: Leather armour    |    35 |    35 |     2 |    29 ||   101
         Robe              |     1 |       |       |       ||     1
         Ring mail         |       |    31 |   122 |       ||   153
  Dodge: Dodged            |    32 |    61 |    91 |    14 ||   198
  Block: Other             |       |     6 |    47 |     7 ||    60

Table legend: (Time is in decaauts)
 A = Elapsed time spent in this place.
 B = Non-inter-level travel time spent in this place.
 C = Inter-level travel time spent in this place.
 D = Time resting spent in this place.
 E = Time spent auto-exploring this place.
 F = Levels seen in this place.
 G = Mean time per level.
                   A        B        C        D        E       F      G
               +--------+--------+--------+--------+--------+-----+--------+
         Total |   8801 |   8509 |    292 |    777 |   6152 |  10 |  880.1 |
       Dungeon |   8790 |   8498 |    292 |    777 |   6152 |   9 |  976.7 |
        Temple |     10 |     10 |      0 |      0 |      0 |   1 |   10.0 |
               +--------+--------+--------+--------+--------+-----+--------+

Top non-repeatable levels by time:
     D:6: 1185 daAuts
     D:7: 1153 daAuts
     D:4: 1140 daAuts
     D:2: 1014 daAuts
     D:8: 943 daAuts
     D:5: 936 daAuts
     D:1: 916 daAuts
     D:3: 903 daAuts
     D:9: 595 daAuts
  Temple: 10 daAuts
